 Dungeon Crawl Stone Soup version 0.31.0-12-g77e489cdc1 (webtiles) character file.

Game seed: 6413692493879678242

71 Gadfly the Covered (level 4, -6/38 HPs)
             Began as an Armataur Fighter on Feb 28, 2024.
             Mangled by a gnoll
             ... wielding a +0 flail
              (9 damage)
             ... on level 2 of the Dungeon.
             The game lasted 00:03:22 (912 turns).

Gadfly the Covered (Armataur Fighter)                Turns: 912, Time: 00:03:23

Health: -6/38      AC:  7    Str: 22    XL:     4   Next: 5%
Magic:  5/5        EV:  7    Int:  8    God:
Gold:   13         SH:  4    Dex: 11    Spells: 3/3 levels left

rFire   . . .        a - +3 flail
rCold   . . .        c - +0 buckler
rNeg    . . .        b - +0 scale mail
rPois   .            (no helmet)
rElec   .            (no cloak)
rCorr   .            (no gloves)
SInv    .            (no barding)
Will    .....        (no amulet) Stlth
                     (no ring)
HPRegen 0.26/turn    (no ring)
MPRegen 0.09/turn

%: roll
@: no status effects
A: large, deformed body, tough skin 3, armoured tail, roll 1
a: no special abilities


You were on level 2 of the Dungeon.
You visited 1 branch of the dungeon, and saw 2 of its levels.

You collected 13 gold pieces.

Inventory:

Hand Weapons
 a - a +3 flail (weapon)
 i - a +0 flail
Armour
 b - a +0 scale mail (worn)
 c - a +0 buckler (worn)
Jewellery
 f - a ring of ice
 k - a ring of ice
Scrolls
 j - a scroll of teleportation
 l - a scroll of enchant weapon {unknown}
Potions
 d - a potion of might
 e - a potion of lignification {unknown}
 g - a potion of enlightenment {unknown}
 h - a potion of heal wounds {unknown}


   Skills:
 + Level 3.0 Fighting
 * Level 2.4 Maces & Flails
 + Level 4.0 Armour
 + Level 3.5 Shields
 * Level 1.4 Invocations
 * Level 1.4 Evocations


You had 3 spell levels left.
You didn't know any spells.
Your spell library contained the following spells:

 Spells                   Type           Power      Damage    Failure   Level
 Gell's Gravitas          Tloc           0%         N/A       99%         3
 Teleport Other           Tloc           0%         N/A       99%         3
 Dispersal                Tloc           0%         N/A       100%        6


Dungeon Overview and Level Annotations

Branches:
Dungeon (2/15)

Altars:

Shops:
D:1 (


Innate Abilities, Weirdness & Mutations

Armour fits poorly on your strangely shaped body.
You have extremely tough skin. (AC +3)
You have a long armoured tail.
You regenerate magic when rolling toward enemies. (Rampage MPRegen)


Message History

HP restored.
j - a scroll of teleportation;
k - a ring of ice
l - a scroll labelled ZYCLOA GOPTOME A gnoll comes into view.
It is wielding a +0 flail.
The gnoll shouts!
A gnoll comes into view. It is wielding a +0 club.
You roll towards the gnoll!
A gnoll comes into view. It is wielding a +0 whip.
The gnoll shouts! x2
You hit the gnoll.
The gnoll is lightly wounded.
The gnoll hits you with a +0 flail.
You hit the gnoll.
The gnoll is moderately wounded.
The gnoll hits you with a +0 flail!
A gnoll comes into view.
It is wielding a +0 whip and quivering poisoned darts.
The gnoll shouts!
You sock the gnoll!
The gnoll is severely wounded.
You sock the gnoll!
You kill the gnoll!
The gnoll hits you with a +0 whip. The gnoll hits you but does no damage.
You block the gnoll's attack.
You have reached level 4!
You feel stronger.
You closely miss the gnoll.
Your tail-slap misses the gnoll.
The gnoll is moderately wounded.
The gnoll hits you with a +0 whip.
The gnoll throws a poisoned dart.
You block the poisoned dart. You block the gnoll's attack.
You are too injured to fight recklessly!
The gnoll attacks as it pursues you! The gnoll hits you with a +0 whip.
There are monsters nearby!
The gnoll attacks as it pursues you! The gnoll hits you with a +0 whip.
* * * LOW HITPOINT WARNING * * *
The gnoll attacks as it pursues you! The gnoll hits you with a +0 flail.
* * * LOW HITPOINT WARNING * * *
The gnoll attacks as it pursues you! The gnoll hits you with a +0 flail.
* * * LOW HITPOINT WARNING * * *
The gnoll attacks as it pursues you! The gnoll hits you with a +0 flail!
You die...

#.###..#
###...#..#
.......
#.).#
#..###.###
##g........
#...###.###
#.gg# #.@.#
##.## #.#
#.#
#########.#
#.........#
#.#########
#.# #.#


You could see 3 gnolls.

Vanquished Creatures
  Terence (D:2)
  A gnoll (D:2)
  A dart slug (D:1)
  2 endoplasms (D:1)
  3 goblins (D:1)
  A hobgoblin (D:1)
  9 jackals (D:1)
  2 quokkas (D:1)
  A ball python (D:1)
  7 frilled lizards (D:1)
  3 kobolds (D:1)
  3 rats (D:1)
34 creatures vanquished.

Notes
Turn   | Place    | Note
-------+----------+-------------------------------------------
     0 | D:1      | Gadfly the Armataur Fighter began the quest for the Orb.
     0 | D:1      | Reached XP level 1. HP: 18/18 MP: 1/1
    80 | D:1      | Reached XP level 2. HP: 25/25 MP: 2/2
   453 | D:1      | Found Dyvol's Antique Weapon Shop.
   468 | D:1      | Reached skill level 1 in Evocations
   526 | D:1      | Reached XP level 3. HP: 30/30 MP: 3/3
   530 | D:1      | Reached skill level 1 in Invocations
   847 | D:2      | Noticed Terence
   856 | D:2      | Killed Terence
   857 | D:2      | Reached skill level 4 in Armour
   908 | D:2      | Reached XP level 4. HP: 22/38 MP: 5/5
   912 | D:2      | Mangled by a gnoll

Illustrated notes

Levels and vault maps discovered:
D:1:      psy_arrival_terrarium, layout_rooms, serial_shops, shop,
          minmay_lizard_pond
D:2:      layout_loops_ring, uniq_terence, uniq_jessica

Skill      XL: |  1  2  3 |
---------------+----------+-----
Maces & Flails | 2 |  2.4
Evocations     | 1 |  1.4
Invocations    | 1 |  1.4
Fighting       | 3 |  3.0
Armour         | 4 |  4.0
Shields        | |  3.5

Action                     |  1- 3 |  4- 6 || total
---------------------------+-------+-------++-------
  Melee: Flail             |   129 |     1 ||   130
         Tailslap          |    11 |       ||    11
    Use: Scroll            |     1 |       ||     1
 Armour: Scale mail        |   133 |     6 ||   139
  Dodge: Dodged            |    64 |       ||    64
  Block: Buckler           |    27 |     2 ||    29
